 Dungeon Crawl Stone Soup version 0.31.0-9-g3a7656b989 (webtiles) character file.

Game seed: 1385908682587176982

103 Bnni the Shield-Bearer (level 4, 0/24 HPs)
             Began as a Vine Stalker Fighter on Feb 1, 2024.
             Slain by a black bear (5 damage)
             ... on level 4 of the Dungeon.
             The game lasted 00:03:19 (2678 turns).

Bnni the Shield-Bearer (Vine Stalker Fighter)       Turns: 2678, Time: 00:03:20

Health: 0/24       AC:  9    Str: 18    XL:     4   Next: 79%
Magic:  0/5        EV:  7    Int:  8    God:
Gold:   131        SH:  5    Dex: 16    Spells: 3/3 levels left

rFire   . . .        a - +0 rapier
rCold   . . .        c - +0 buckler
rNeg    . . .        j - +0 chain mail
rPois   .            (no helmet)
rElec   .            p - +0 cloak
rCorr   .            (no gloves)
SInv    .            (no boots)
Will    .....        (no amulet) Stlth
                     (no ring)
HPRegen 1.04/turn    (no ring)
MPRegen 0.09/turn

%: guardian spirit
@: no status effects
A: fangs 2, regeneration 1, magic shield, antimagic bite, no potion heal 2
a: no special abilities


You were on level 4 of the Dungeon.
You visited 1 branch of the dungeon, and saw 4 of its levels.

You collected 131 gold pieces.

Inventory:

Hand Weapons
 a - a +0 rapier (weapon)
Missiles
 q - 3 poisoned darts (quivered)
Armour
 c - a +0 buckler (worn)
 j - a +0 chain mail (worn)
 p - a +0 cloak (worn)
Scrolls
 e - 2 scrolls of revelation {unknown}
 i - 6 scrolls of identify {unknown}
 l - a scroll of summoning {unknown}
 m - a scroll of amnesia {unknown}
 o - a scroll of torment {unknown}
 s - a scroll of teleportation {unknown}
 u - a scroll of vulnerability {unknown}
Potions
 b - 2 potions of lignification {unknown}
 d - a potion of might
 f - 5 potions of curing {unknown}
 g - a potion of berserk rage {unknown}
 h - a potion of degeneration {unknown}
 k - a potion of invisibility {unknown}
 n - 2 potions of mutation {unknown}
 r - a potion of heal wounds {unknown}
 t - 2 potions of enlightenment {unknown}


   Skills:
 + Level 3.2 Fighting
 * Level 3.0 Short Blades
 - Level 2.4 Armour
 * Level 3.7 Shields


You had 3 spell levels left.
You didn't know any spells.
Your spell library contained the following spells:

 Spells                   Type           Power      Damage    Failure   Level
 Blink                    Tloc           0%         N/A       100%        2
 Lesser Beckoning         Tloc           0%         N/A       100%        2
 Momentum Strike          Conj/Tloc      0%         3d8       100%        2
 Dazzling Flash           Conj/Hex       0%         N/A       100%        3
 Mephitic Cloud           Conj/Alch/Air  0%         N/A       100%        3
 Curse of Agony           Necr           0%         N/A       100%        5
 Silence                  Hex/Air        0%         N/A       100%        5


Dungeon Overview and Level Annotations

Branches:
Dungeon (4/15)
 Temple: D:4-7

Altars:


Innate Abilities, Weirdness & Mutations

You have extremely sharp teeth.
Your natural rate of healing is unusually fast.
When hurt, damage is shared between your health and your magic reserves.
Your bite disrupts and absorbs the magic of your enemies.
Potions cannot restore your health.


Message History

You hit the black bear. Your bite misses the black bear.
The black bear is heavily wounded.
You block the black bear's attack. x2; The black bear claws you.
You hit the black bear but do no damage.
You bite the black bear. You drain its power.
The black bear is heavily wounded.
The black bear bites you.
The black bear claws you but does no damage.
The black bear barely misses you.
You hit the black bear but do no damage.
You bite the black bear. You drain its power.
The black bear is severely wounded.
The black bear bites you. The black bear claws you.
* * * LOW HITPOINT WARNING * * *
You block the black bear's attack.
You are too injured to fight recklessly!
You are too injured to fight recklessly!
You are too injured to fight recklessly!
You hit the black bear.
The black bear is severely wounded.
The black bear goes berserk!
The black bear closely misses you. The black bear claws you.
* * * LOW HITPOINT WARNING * * *
The black bear barely misses you.
Unknown command.
Okay, then.
You barely miss the black bear. You bite the black bear. You drain its power.
You feel invigorated.
The black bear is severely wounded.
The black bear bites you but does no damage.
The black bear claws you but does no damage.
You block the black bear's attack.
Unknown command.
You barely miss the black bear. Your bite misses the black bear.
The black bear is severely wounded.
The black bear bites you.
* * * LOW HITPOINT WARNING * * *
You block the black bear's attack. The black bear completely misses you.
The black bear bites you!
You die...

#.......# #...###.#
#....##.#
#######.....#.#
####..........##.#
.....##.....#.##.#####
..##..##....+.##.....#
#..##.......####.....#
##....#.#.### #@....#
...####.#.# #h....#
#### #.#.# #.....# .
..#.. +.....+ ##
......# # .##..## .
..# .. ..#


You could see a black bear (berserk).

Vanquished Creatures
  A bombardier beetle (D:3)
  2 adders (D:3)
  A dart slug (D:1)
  2 ribbon worms
  7 bats
  3 endoplasms
  A giant cockroach (D:1)
  6 goblins
  A hobgoblin (D:1)
  7 jackals
  6 kobolds
  2 quokkas (D:1)
  4 ball pythons
  A frilled lizard (D:1)
  4 rats
48 creatures vanquished.

Notes
Turn   | Place    | Note
-------+----------+-------------------------------------------
     0 | D:1      | Bnni the Vine Stalker Fighter began the quest for the Orb.
     0 | D:1      | Reached XP level 1. HP: 11/11 MP: 2/2
     2 | D:1      | Noticed a barachi
     4 | D:1      | Noticed a demonspawn
     4 | D:1      | Noticed a draconian
     6 | D:1      | Noticed a human
     6 | D:1      | Noticed a merfolk
     8 | D:1      | Noticed an elf
     8 | D:1      | Noticed a ghoul
    10 | D:1      | Noticed a demigod
    10 | D:1      | Noticed a tengu
    12 | D:1      | Noticed an armataur
    12 | D:1      | Noticed a minotaur
    14 | D:1      | Noticed a djinni
    16 | D:1      | Noticed a gargoyle
    16 | D:1      | Noticed a vampire
    18 | D:1      | Noticed an octopode
    18 | D:1      | Noticed a formicid
    20 | D:1      | Noticed a troll
    22 | D:1      | Noticed an oni
    22 | D:1      | Noticed a spriggan
    24 | D:1      | Noticed a naga
    26 | D:1      | Noticed a felid
    26 | D:1      | Noticed a vine stalker
    95 | D:1      | Reached XP level 2. HP: 16/16 MP: 3/3
   368 | D:1      | Reached XP level 3. HP: 19/19 MP: 4/4
  2081 | D:3      | Reached XP level 4. HP: 21/24 MP: 5/5
  2667 | D:4      | Noticed a black bear
  2678 | D:4      | Slain by a black bear

Illustrated notes

Levels and vault maps discovered:
D:1:      kb_arrival_jail, layout_basic
D:2:      layout_loops_ring, grunt_ministairs_11
D:3:      layout_basic, kennysheep_generic_room_7
D:4:      layout_basic, minmay_misc_feat_more_columns,
          serial_library_hellmonk_u_bend, minmay_hedge_maze,
          nicolae_take_the_stairs, nicolae_zig_zag_zippers

Skill      XL: |  1  2  3  4 |
---------------+-------------+-----
Short Blades   | 2 3 |  3.0
Shields        | 3 |  3.7
Fighting       | 3 |  3.2
Armour         | |  2.4

Action                     |  1- 3 |  4- 6 || total
---------------------------+-------+-------++-------
  Melee: Rapier            |   119 |    32 ||   151
         Bite              |    29 |    10 ||    39
 Armour: Scale mail        |    74 |       ||    74
         Chain mail        |    26 |    29 ||    55
  Dodge: Dodged            |    44 |    10 ||    54
  Block: Buckler           |    27 |     8 ||    35
